 Dungeon Crawl Stone Soup version 0.20-a0-751-g905781e (webtiles) character file.

88882 Laan the Devastator (level 15, -5/72 HPs)
             Began as a Deep Elf Ice Elementalist on Feb 25, 2017.
             Was a High Priest of Vehumet.
             Slain by a thrashing horror (12 damage)
             ... on level 2 of the Abyss.
             The game lasted 01:54:05 (32728 turns).

Laan the Devastator (Deep Elf Ice Elementalist)    Turns: 32728, Time: 01:54:06

Health: -5/72      AC:  8    Str:  4 (5)  XL:     15   Next: 47%
Magic:  25/39      EV: 12    Int: 37      God:    Vehumet [*****.]
Gold:   1287       SH:  7    Dex: 11      Spells: 12/50 levels left

rFire    . . .     SeeInvis +   G - +4 long sword of Rotation {drain, Int+4}
rCold    + + +     Gourm    .   Z - +2 robe {rC+}
rNeg     . . .     Faith    .   d - +2 buckler of the Insatiable Suns {Regen+}
rPois    .         Spirit   .   u - +2 helmet {SInv}
rElec    .         Reflect  .   S - scarf {rC+ rF+}
rCorr    .         Harm     .   n - +1 pair of gloves
MR       +....     Rnd*Rage +   (no boots)
Stlth    ++........             Y - amulet of magic regeneration
Regen    0.0/turn               y - ring of ice
MPRegen  0.4/turn               H - +6 ring of intelligence

@: about to teleport
A: berserk 2, clumsy 2, deformed body, deterioration 2, screaming 2, inhibited
regeneration, subdued magic 1
a: Renounce Religion


You were on level 2 of the Abyss.
You worshipped Vehumet.
Vehumet was extremely pleased with you.
You were completely stuffed.

You visited 3 branches of the dungeon, and saw 21 of its levels.
You visited the Abyss 1 time.
You visited 1 bazaar.

You collected 1971 gold pieces.
You spent 684 gold pieces at shops.

Inventory:

Hand Weapons
 G - the +4 long sword of Rotation (weapon) {drain, Int+4}
   (You bought it in a shop on level 7 of the Dungeon)

   A truly terrible weapon, it drains the life of those it strikes.
   It affects your intelligence (+4).
Armour
 d - the +2 buckler of the Insatiable Suns (worn) {Regen+}
   (You acquired it on level 6 of the Lair of Beasts)

   It increases your rate of regeneration.
 g - a +2 pair of gloves of archery
 n - a +1 pair of gloves (worn)
 u - a +2 helmet of see invisible (worn)
 S - a scarf of resistance (worn)
 Z - a +2 robe of cold resistance (worn)
Jewellery
 i - an uncursed ring of see invisible
 j - an uncursed ring of protection from cold
 y - a ring of ice (right hand)
 H - a +6 ring of intelligence (left hand)
 K - a +6 amulet of reflection
 T - an uncursed ring of positive energy
 Y - an amulet of magic regeneration (around neck)
Wands
 r - a wand of flame (13/48)
 A - a wand of digging (16/24)
 M - a wand of lightning (1/15)
 N - a wand of flame (29/48)
 V - a wand of digging (12/24)
 W - a wand of iceblast (7/15)
Scrolls
 f - 6 scrolls of identify
 l - 4 scrolls of remove curse
 m - 3 scrolls of enchant weapon
 q - a scroll of enchant armour
 x - 4 scrolls of immolation
 z - a scroll of amnesia
 O - 3 scrolls of blinking
 Q - 2 scrolls of holy word
 X - 3 scrolls of magic mapping
Potions
 a - 2 potions of cancellation
 p - a potion of brilliance
 t - 6 potions of curing
 v - 3 potions of haste
 C - 3 potions of flight
 D - 2 potions of invisibility
 I - 2 potions of ambrosia
 P - a potion of resistance
Books
 b - a book of Frost

   Spells                             Type                      Level
   a - Freeze                         Ice                          1
   b - Throw Frost                    Conjuration/Ice              2
   c - Ozocubu's Armour               Charms/Ice                   3
   d - Throw Icicle                   Conjuration/Ice              4
   e - Summon Ice Beast               Ice/Summoning                4
 h - a book of Minor Magic

   Spells                             Type                      Level
   a - Magic Dart                     Conjuration                  1
   b - Blink                          Translocation                2
   c - Call Imp                       Summoning                    2
   d - Slow                           Hexes                        2
   e - Conjure Flame                  Conjuration/Fire             3
   f - Mephitic Cloud                 Conjuration/Poison/Air       3
 s - a book of Necromancy

   Spells                             Type                      Level
   a - Pain                           Necromancy                   1
   b - Animate Skeleton               Necromancy                   1
   c - Vampiric Draining              Necromancy                   3
   d - Regeneration                   Charms/Necromancy            3
   e - Animate Dead                   Necromancy                   4
   f - Control Undead                 Necromancy                   4
 w - a book of Air

   Spells                             Type                      Level
   a - Shock                          Conjuration/Air              1
   b - Swiftness                      Charms/Air                   2
   c - Static Discharge               Conjuration/Air              3
   d - Airstrike                      Air                          4
   e - Lightning Bolt                 Conjuration/Air              5
 B - a book of Conjurations

   Spells                             Type                      Level
   a - Magic Dart                     Conjuration                  1
   b - Searing Ray                    Conjuration                  2
   c - Dazzling Spray                 Conjuration/Hexes            3
   d - Fulminant Prism                Conjuration/Hexes            4
   e - Force Lance                    Conjuration/Translocation    4
   f - Iskenderun's Mystic Blast      Conjuration                  4
 F - a book of Cantrips

   Spells                             Type                      Level
   a - Confusing Touch                Hexes                        1
   b - Animate Skeleton               Necromancy                   1
   c - Summon Small Mammal            Summoning                    1
   d - Apportation                    Translocation                1
 J - a Young Poisoner's Handbook

   Spells                             Type                      Level
   a - Sting                          Conjuration/Poison           1
   b - Poisonous Vapours              Poison/Air                   2
   c - Mephitic Cloud                 Conjuration/Poison/Air       3
   d - Olgreb's Toxic Radiance        Poison                       4
   e - Venom Bolt                     Conjuration/Poison           5
 L - a book of Geomancy

   Spells                             Type                      Level
   a - Sandblast                      Earth                        1
   b - Passwall                       Transmutation/Earth          2
   c - Stone Arrow                    Conjuration/Earth            3
   d - Petrify                        Transmutation/Earth          4
   e - Lee's Rapid Deconstruction     Earth                        5
 R - a book of Misfortune

   Spells                             Type                      Level
   a - Confusing Touch                Hexes                        1
   b - Confuse                        Hexes                        3
   c - Gell's Gravitas                Translocation                3
   d - Petrify                        Transmutation/Earth          4
   e - Metabolic Englaciation         Hexes/Ice                    5
   f - Yara's Violent Unravelling     Hexes/Transmutation          5
 U - a book of Ice

   Spells                             Type                      Level
   a - Ice Form                       Ice/Transmutation            4
   b - Metabolic Englaciation         Hexes/Ice                    5
   c - Ozocubu's Refrigeration        Ice                          6
   d - Bolt of Cold                   Conjuration/Ice              6
   e - Freezing Cloud                 Conjuration/Ice/Air          6
   f - Simulacrum                     Ice/Necromancy               6
Comestibles
 c - 14 bread rations
 k - 19 royal jellies
 E - 6 meat rations


   Skills:
 - Level 2.4 Dodging
 - Level 2.4 Stealth
 - Level 5.1 Shields
 + Level 18.4 Spellcasting
 + Level 20.4 Conjurations
 - Level 11.6 Ice Magic


You had 12 spell levels left.
You knew the following spells:

 Your Spells              Type           Power        Failure   Level  Hunger
a - Freeze                Ice            ####         0%          1    None
b - Throw Frost           Conj/Ice       ######       0%          2    None
c - Throw Icicle          Conj/Ice       ########     0%          4    None
d - Freezing Cloud        Conj/Ice/Air   #######...   1%          6    None
e - Searing Ray           Conj           ######       0%          2    None
f - Blink                 Tloc           N/A          1%          2    None
g - Flame Tongue          Conj/Fire      #####        0%          1    None
h - Sticky Flame          Conj/Fire      ######..     1%          4    None
i - Bolt of Magma         Conj/Fire/Erth ######....   1%          5    None
j - Iron Shot             Conj/Erth      ######....   1%          6    None
k - Fireball              Conj/Fire      ######....   1%          5    None


Dungeon Overview and Level Annotations

Branches:
Dungeon (14/15)            Temple (1/1) D:7            Lair (6/6) D:10
 Shoals (0/4) Lair:4       Spider (0/4) Lair:4        Slime (0/5) Lair:6
    Orc (0/2) D:12
 Vaults: D:13-14

Altars:
Ashenzari
Cheibriados
Dithmenos
Elyvilon
Fedhas
Gozag
Hepliaklqana
Kikubaaqudgha
Makhleb
Nemelex Xobeh
Okawaru
Qazlal
Ru
Sif Muna
Trog
Uskayaw
Vehumet
Wu Jian
Xom
Yredelemnul
Zin
The Shining One
Jiyva

Shops:
D:5 *   D:6 %   D:7 ?([?*   D:9 %[   D:12 [

Annotations:
D:7 2 runed doors, exclusion: orange crystal statue
Lair:2 exclusion: 3 oklob plants


Innate Abilities, Weirdness & Mutations

Your spells are a little easier to cast, but a little less powerful.
[You often lose your temper in combat.]
[You are very clumsy. (Dex -4)]
[Armour fits poorly on your strangely shaped body.]
[Your body often deteriorates upon taking damage.]
[You sometimes yell uncontrollably at your foes.]
[You do not regenerate when monsters are visible.]


Message History

The thrashing horror tramples you!
* * * LOW HITPOINT WARNING * * *
Your body deteriorates!
You feel weakened.
You hold your ground!
The thrashing horror tramples you but does no damage.
Okay, then.
You feel better. The thrashing horror tramples you.
* * * LOW HITPOINT WARNING * * *
You hold your ground!
The thrashing horror closely misses you.
The smoke demon gestures at you. Something smites you!
* * * LOW HITPOINT WARNING * * *
You feel better.
The thrashing horror completely misses you.
You riposte.
You hit the thrashing horror but do no damage.
You block the thrashing horror's attack.
The thrashing horror tramples you!
You die...

... ##R##..
.(# ....
§........
...§##
##... . ###
.
#...*3##.#
R ..###.3.#
§
#.##...#.#
#.....###.#
.....##
##X# # .#.#
#.@# #.#.#
#.## ...
#... #...
#... #...
..#.


You could see a thrashing horror and a smoke demon.

Vanquished Creatures
  A hellephant (Abyss:2)
  A tentacled starspawn (Abyss:2)
  2 entropy weavers (Lair:5)
  The ghost of Azzok the Markscentaur, a journeyman CeHu of Okawaru (Lair:6)
  The ghost of Execuda the Severer, a journeyman MiBe of Trog (D:12)
  Snorg (D:11)
  Josephine (Lair:4)
  Fannar (D:11)
  2 catoblepae
  8 hydras
  3 centaur warriors
  9 two-headed ogres
  A deep troll shaman (Lair:6)
  A queen ant (Lair:5)
  4 death yaks (Lair:6)
  2 wretched stars (Abyss:2)
  A sixfirhy (Abyss:2)
  5 unseen horrors
  A lindwurm (Lair:6)
  A necromancer (Lair:3)
  2 large abominations (Abyss:2)
  A wolf spider (shapeshifter) (D:13)
  3 elephants (Lair:6)
  9 ugly things
  2 black mambas
  2 apocalypse crabs (Abyss:2)
  Joseph (D:9)
  11 spiny frogs
  An eye of devastation (Abyss:2)
  An ice statue (D:13)
  2 gargoyles
  3 rime drakes
  An ice devil (D:13)
  12 komodo dragons
  A queen bee (Lair:5)
  3 meliai (Lair:5)
  3 trolls
  8 polar bears
  3 hornets
  25 blink frogs
  14 hippogriffs
  A snapping turtle (Lair:4)
  A water elemental (D:11)
  6 wyverns
  4 spriggans
  29 yaks
  6 wraiths
  A ynoxinul (Abyss:2)
  A vampire (D:12)
  2 steam dragons
  3 hungry ghosts
  4 vampire mosquitoes (D:13)
  2 chaos spawn (Abyss:2)
  A neqoxec (Abyss:2)
  3 basilisks
  Menkaure (D:5)
  A warg (D:12)
  An acid dragon (D:14)
  15 soldier ants
  13 water moccasins
  6 porcupines
  A small abomination (Abyss:2)
  7 orc warriors
  A black bear (D:12)
  3 phantoms
  4 sky beasts
  2 eyes of draining
  17 ice beasts
  2 necrophages
  6 ogres
  22 wolves
  13 centaurs
  A big kobold (D:12)
  10 crocodiles
  21 bullfrogs
  4 scorpions
  36 killer bees
  14 wights
  10 howler monkeys
  12 electric eels
  4 crimson imps
  8 centaur skeletons
  A quasit (D:11)
  A bullfrog zombie (D:5)
  2 centaur zombies
  14 orc wizards
  9 orc priests
  3 bullfrog skeletons
  8 hounds
  4 jellies
  5 iguanas
  4 polar bear simulacra (Lair:3)
  33 worker ants
  3 yak simulacra (Lair:3)
  2 wolf simulacra (Lair:3)
  A hound zombie (D:10)
  3 worker ant zombies
  4 adders
  2 shadow imps
  A white imp (D:13)
  An ufetubus (Abyss:2)
  3 oozes
  An adder zombie (D:5)
  An adder skeleton (D:5)
  A worm (D:2)
  A dart slug (D:3)
  9 leopard geckos
  62 orcs
  6 giant cockroaches
  14 goblins
  6 hobgoblins
  7 jackals
  12 kobolds
  4 quokkas
  3 ball pythons
  9 bats
  3 frilled lizards
  A giant cockroach zombie (D:5)
  A leopard gecko skeleton (D:4)
  A leopard gecko zombie (D:7)
  A quokka skeleton (D:4)
  6 rats
  2 river rat simulacra (Lair:3)
  6 fungi
  6 plants
721 creatures vanquished.

Vanquished Creatures (others)
  A two-headed ogre (D:11)
  A cyclops (D:12)
  A troll (D:11)
  A small abomination (Abyss:2)
  A soldier ant (D:11)
  An ice beast (D:7)
  An orc warrior (D:11)
  An ogre (D:11)
  5 centaurs
  A big kobold (D:11)
  The ghost of ordcoder the Gusty, an amateur TeAE (D:3)
  A centaur zombie (D:11)
  A hound (D:11)
  An adder (D:11)
  An orc (D:3)
  A kobold (D:3)
  41 fungi
  17 plants
  2 starspawn tentacles (Abyss:2)
80 creatures vanquished.

Grand Total: 801 creatures vanquished

Notes
Turn   | Place    | Note
-------+----------+-------------------------------------------
     0 | D:1      | Laan the Deep Elf Ice Elementalist began the quest for the Orb.
     0 | D:1      | Reached XP level 1. HP: 10/10 MP: 6/6
   204 | D:1      | Reached XP level 2. HP: 4/15 MP: 0/8
   537 | D:1      | Learned a level 2 spell: Throw Frost
  1166 | D:2      | Reached XP level 3. HP: 19/19 MP: 7/9
  1658 | D:2      | Reached skill level 2 in Conjurations
  1962 | D:3      | Killed ordcoder's ghost
  2321 | D:3      | Reached XP level 4. HP: 24/24 MP: 8/10
  2673 | D:3      | Found a stormy altar of Qazlal.
  3100 | D:4      | Found a basalt altar of Yredelemnul.
  3102 | D:4      | Found a burning altar of Makhleb.
  3102 | D:4      | Found a blossoming altar of Fedhas.
  3103 | D:4      | Found an ancient bone altar of Kikubaaqudgha.
  3103 | D:4      | Found a shattered altar of Ashenzari.
  3150 | D:4      | Reached skill level 3 in Conjurations
  3150 | D:4      | Reached skill level 5 in Ice Magic
  3479 | D:3      | Reached XP level 5. HP: 27/28 MP: 0/11
  3874 | D:3      | Learned a level 4 spell: Throw Icicle
  3955 | D:4      | Noticed an ogre
  4014 | D:4      | Killed an ogre
  4014 | D:4      | Reached skill level 4 in Conjurations
  4014 | D:4      | Reached XP level 6. HP: 32/32 MP: 0/12
  5044 | D:5      | Entered Level 5 of the Dungeon
  5428 | D:5      | Found Perch's Assorted Antiques.
  5633 | D:5      | Learned a level 1 spell: Magic Dart
  5636 | D:5      | Learned a level 2 spell: Searing Ray
  5704 | D:5      | Reached skill level 5 in Conjurations
  5858 | D:5      | Reached XP level 7. HP: 36/36 MP: 4/13
  6202 | D:5      | Reached skill level 6 in Conjurations
  6486 | D:5      | Noticed Menkaure
  6609 | D:5      | Killed Menkaure
  6984 | D:5      | Found a hazy altar of Hepliaklqana.
  7250 | D:6      | Learned a level 2 spell: Blink
  7370 | D:6      | Reached skill level 7 in Conjurations
  7370 | D:6      | Reached XP level 8. HP: 30/41 MP: 6/15
  7492 | D:6      | Found Yxiuck's Food Boutique.
  7975 | D:7      | Found Biadugy's Assorted Antiques.
  7987 | D:7      | Bought an emerald ring for 120 gold pieces
  7987 | D:7      | Bought a coral ring for 120 gold pieces
  8118 | D:7      | Noticed a two-headed ogre
  8124 | D:7      | Killed a two-headed ogre
  8124 | D:7      | Reached skill level 5 in Spellcasting
  8124 | D:7      | Reached skill level 9 in Conjurations
  8203 | D:7      | Reached XP level 9. HP: 33/45 MP: 14/20
  8463 | D:7      | Found Haenemih's Armour Boutique.
  8479 | D:7      | Found Ifoat's Antique Weapon Emporium.
  8484 | D:7      | Bought a shimmering long sword for 212 gold pieces
  8484 | D:7      | Identified the +4 long sword of Rotation {drain, Int+4} (You bought it in a shop on level 7 of the Dungeon)
  8549 | D:7      | Found Saocvawnie's Magic Scroll Emporium.
  8645 | D:7      | Noticed an orange crystal statue
  8672 | D:7      | Found a runed door.
  8692 | D:7      | Found a runed door.
  9052 | D:7      | Reached skill level 10 in Conjurations
  9391 | D:7      | Found a staircase to the Ecumenical Temple.
  9400 | Temple   | Entered the Ecumenical Temple
  9473 | Temple   | Became a worshipper of Vehumet
  9551 | D:7      | Found a snail-covered altar of Cheibriados.
  9589 | D:7      | Found Quufaikia's Magic Scroll Boutique.
  9786 | D:8      | Found a radiant altar of Vehumet.
  9836 | D:8      | Reached skill level 11 in Conjurations
  9836 | D:8      | Reached XP level 10. HP: 42/50 MP: 15/24
 10192 | D:8      | Reached skill level 10 in Ice Magic
 10196 | D:8      | Noticed a two-headed ogre
 10202 | D:8      | Killed a two-headed ogre
 10610 | D:8      | Found a glowing golden altar of the Shining One.
 10863 | D:9      | Noticed Joseph
 11037 | D:9      | Reached * piety under Vehumet
 11037 | D:9      | Offered knowledge of Flame Tongue by Vehumet.
 11040 | D:9      | Learned a level 1 spell: Flame Tongue
 11250 | D:9      | Killed Joseph
 11252 | D:9      | Paralysed by a hornet for 1 turns
 11605 | D:9      | Reached skill level 12 in Conjurations
 12290 | D:9      | Found Xugoyzxuown's Food Boutique.
 12411 | D:9      | Found Zohorch's Armour Shoppe.
 12580 | D:10     | Entered Level 10 of the Dungeon
 12884 | D:10     | Noticed a white ugly thing
 12898 | D:10     | Killed a white ugly thing
 12898 | D:10     | Reached ** piety under Vehumet
 12898 | D:10     | Reached skill level 10 in Spellcasting
 13232 | D:10     | Offered knowledge of Shock by Vehumet.
 13310 | D:10     | Reached XP level 11. HP: 48/54 MP: 23/27
 13514 | D:10     | Noticed a two-headed ogre
 13528 | D:10     | Killed a two-headed ogre
 13528 | D:10     | Reached skill level 13 in Conjurations
 14424 | D:10     | Found a staircase to the Lair.
 14667 | D:10     | Noticed a centaur warrior
 14673 | D:10     | Killed a centaur warrior
 14949 | Lair:1   | Entered Level 1 of the Lair of Beasts
 15552 | Lair:1   | Noticed a five-headed hydra
 15557 | Lair:1   | Killed a five-headed hydra
 15557 | Lair:1   | Reached skill level 14 in Conjurations
 15663 | Lair:1   | Offered knowledge of Static Discharge by Vehumet.
 16260 | Lair:2   | Reached *** piety under Vehumet
 16719 | Lair:2   | Reached XP level 12. HP: 58/59 MP: 20/29
 16924 | Lair:2   | Reached skill level 15 in Conjurations
 17144 | Lair:2   | Offered knowledge of Inner Flame by Vehumet.
 17317 | Lair:2   | Noticed a five-headed hydra
 17323 | Lair:2   | Killed a five-headed hydra
 17783 | Lair:3   | Learned a level 6 spell: Freezing Cloud
 18536 | Lair:3   | Reached skill level 16 in Conjurations
 18749 | Lair:3   | Reached **** piety under Vehumet
 18901 | Lair:3   | Offered knowledge of Sticky Flame by Vehumet.
 18907 | Lair:3   | Learned a level 4 spell: Sticky Flame
 19660 | Lair:4   | Noticed Josephine
 19698 | Lair:4   | Found a staircase to the Shoals.
 19835 | Lair:4   | Found a hole to the Spider Nest.
 19900 | Lair:4   | Noticed an eight-headed hydra
 19904 | Lair:4   | Killed an eight-headed hydra
 19975 | Lair:4   | Killed Josephine
 21209 | Lair:5   | Reached XP level 13. HP: 63/63 MP: 14/32
 21224 | Lair:5   | Reached skill level 17 in Conjurations
 21557 | Lair:5   | Reached ***** piety under Vehumet
 21596 | Lair:5   | Offered knowledge of Bolt of Magma by Vehumet.
 21603 | Lair:5   | Learned a level 5 spell: Bolt of Magma
 22104 | Lair:5   | Noticed an entropy weaver
 22112 | Lair:5   | Killed an entropy weaver
 22162 | Lair:5   | Noticed an entropy weaver
 22673 | Lair:5   | Killed an entropy weaver
 22947 | Lair:5   | Reached skill level 18 in Conjurations
 23758 | Lair:5   | Reached skill level 15 in Spellcasting
 23788 | Lair:6   | Entered Level 6 of the Lair of Beasts
 23844 | Lair:6   | Noticed Azzok's ghost (journeyman CeHu)
 23846 | Lair:6   | Killed Azzok's ghost
 24262 | Lair:6   | Offered knowledge of Airstrike by Vehumet.
 24598 | Lair:6   | Reached XP level 14. HP: 68/68 MP: 15/35
 24952 | Lair:6   | Reached skill level 19 in Conjurations
 25168 | Lair:6   | Identified a scroll of acquirement
 25169 | Lair:6   | Got a bloodstained buckler
 25170 | Lair:6   | Identified the +2 buckler of the Insatiable Suns {Regen+} (You acquired it on level 6 of the Lair of Beasts)
 25270 | Lair:6   | Found a runed door.
 25276 | Lair:6   | Found a viscous altar of Jiyva.
 25276 | Lair:6   | Found a staircase to the Slime Pits.
 25363 | Lair:6   | Reached skill level 1 in Shields
 26422 | D:10     | Reached skill level 5 in Shields
 26506 | D:11     | Found a shimmering altar of Xom.
 26689 | D:11     | Noticed Snorg
 26695 | D:11     | Killed Snorg
 26919 | D:11     | Offered knowledge of Iron Shot by Vehumet.
 26931 | D:11     | Learned a level 6 spell: Iron Shot
 27133 | D:11     | Noticed Fannar
 27145 | D:11     | Killed Fannar
 28158 | D:12     | Found a staircase to the Orcish Mines.
 28425 | D:12     | Found a sacrificial altar of Ru.
 28679 | D:12     | Noticed Execuda's ghost (journeyman MiBe)
 28697 | D:12     | Killed Execuda's ghost
 29023 | D:12     | Found Ozalen's Antique Armour Shop.
 29029 | D:12     | Bought a shiny helmet for 232 gold pieces
 29905 | D:13     | Offered knowledge of Fireball by Vehumet.
 29920 | D:13     | Learned a level 5 spell: Fireball
 30322 | D:13     | Reached XP level 15. HP: 72/72 MP: 12/38
 31110 | D:13     | Reached skill level 20 in Conjurations
 31227 | D:14     | Found a gateway to a bazaar.
 31238 | Bazaar   | Entered a bazaar
 31238 | Bazaar   | Found Wumur's Weapon Shoppe.
 31238 | Bazaar   | Found Orohuic's Book Emporium.
 31239 | Bazaar   | Found Beuhij's Jewellery Shoppe.
 31239 | Bazaar   | Found Arui's Armour Emporium.
 31815 | D:14     | Cast into level 2 of the Abyss (a wizard)
 32074 | Abyss:2  | Noticed a hellephant
 32093 | Abyss:2  | Killed a hellephant
 32278 | Abyss:2  | Noticed a purple draconian monk
 32291 | Abyss:2  | Noticed a tentacled starspawn
 32299 | Abyss:2  | Noticed a lich
 32373 | Abyss:2  | Noticed a tentacled starspawn
 32375 | Abyss:2  | Killed a tentacled starspawn
 32422 | Abyss:2  | Noticed a hellephant
 32429 | Abyss:2  | Gained mutation: Your spells are a little easier to cast, but a little less powerful. [a neqoxec]
 32727 | Abyss:2  | HP: 2/72 [smoke demon/divine providence (14)]
 32728 | Abyss:2  | Slain by a thrashing horror

Vault maps used:
D:1:      minmay_arrival_three_doors, roderic_digamma_sauvastika,
          grunt_decor_arrowhead, corexii_hall_statues_deadend
D:2:      cheibrodos_greedy_goblins, first_bread, serial_park_tiny_pond
D:3:      nicolae_qazlal_eye_of_the_storm
D:4:      grunt_temple_overflow_open, kennysheep_generic_room_6
D:5:      kennysheep_spiral_hall, kennysheep_mini_moat, serial_shops, shop,
          uniq_menkaure
D:6:      serial_shops, shop
D:7:      lemuel_temple_firewalk_b, serial_shops, nicolae_shop_crystal, shop,
          shop, shop, shop, basic_altar, the_bakery,
          chequers_guarded_unrand_ignorance
D:8:      serial_glass, glass_columns_b, glass_columns_c,
          hangedman_feature_mirror
D:9:      serial_shops, nicolae_shop_trees, shop, small_statue_intersection,
          uniq_joseph
D:10:     erik_lair_island
D:11:     wad_lake_hut, minmay_misc_feat_columns, kennysheep_small_spiral,
          xom_confusion_cloud, uniq_fannar, uniq_snorg
D:12:     erik_orc_4, basic_altar, serial_shops, nicolae_shop_behind_doors
D:13:     ice2_lemuel
D:14:     lightli_vaults_fourway_checkpoint, nicolae_ru_the_path_less_chosen,
          serial_shops, bzr_in_the_mist
Temple:   eino_temple_rhombus
Lair:1:   beast_lair_carwin_large_2
Lair:2:   wad_woods_02, minmay_lair_oklob_chamber
Lair:3:   lab_entry_generic, eino_house_with_fridge
Lair:4:   minmay_shoals_entry_hut, dummy_spider_entry,
          infiniplex_staircase_pool, uniq_josephine
Lair:5:   special_room, minmay_another_anthill
Lair:6:   grunt_lair_end_beastmaster, slime_altar_2, minivault_27,
          serial_bayou_pond_d
Abyss:2:  evilmike_abyss_exit_smiterflies
Bazaar:   bazaar_minmay_row

Skill      XL: |  1  2  3  4  5  6  7  8  9 10 11 12 13 14 15 |
---------------+----------------------------------------------+-----
Ice Magic      | 4 5 6 7 8 9 10 11 | 11.6
Conjurations   | 2 3 4 5 7 9 11 12 14 16 18 19 20 | 20.4
Spellcasting   | 6 8 10 11 13 15 17 18 | 18.4
Shields        | 5 |  5.1
Dodging        | |  2.4
Stealth        | |  2.4

Action                   |  1- 3 |  4- 6 |  7- 9 | 10-12 | 13-15 || total
-------------------------+-------+-------+-------+-------+-------++-------
Melee: Unarmed           |     4 |       |       |       |       ||     4
       Dagger            |       |    26 |       |       |       ||    26
       Long sword        |       |       |     9 |    12 |    49 ||    70
 Cast: Freeze            |    68 |   114 |    43 |    53 |    25 ||   303
       Throw Frost       |       |    21 |    27 |   177 |   207 ||   432
       Throw Icicle      |       |     6 |     3 |   152 |   286 ||   447
       Searing Ray       |       |     1 |    35 |    50 |     3 ||    89
       Magic Dart        |       |       |     1 |       |       ||     1
       Flame Tongue      |       |       |       |     2 |     6 ||     8
       Blink             |       |       |       |     1 |     2 ||     3
       Freezing Cloud    |       |       |       |    13 |    75 ||    88
       Sticky Flame      |       |       |       |     8 |    30 ||    38
       Iron Shot         |       |       |       |       |    46 ||    46
       Bolt of Magma     |       |       |       |       |     1 ||     1
       Fireball          |       |       |       |       |    29 ||    29
Evoke: Wand              |       |       |       |     1 |     1 ||     2
  Use: Potion            |       |     3 |     2 |     1 |     5 ||    11
       Scroll            |       |       |    14 |    18 |    22 ||    54
 Stab: Sleeping          |     1 |     2 |     1 |       |       ||     4
       Distracted        |       |       |     1 |       |     1 ||     2
  Eat: Chunk             |     4 |    12 |    12 |    29 |    21 ||    78
       Fruit             |       |     1 |     2 |     2 |     4 ||     9
       Meat ration       |       |       |       |     1 |     4 ||     5
Armor: Robe              |    10 |    23 |    24 |    24 |    36 ||   117
Dodge: Dodged            |    36 |   111 |    57 |    80 |    70 ||   354
Block: Other             |       |       |       |    40 |    13 ||    53
       Reflection        |       |       |       |     2 |    10 ||    12
       Buckler           |       |       |       |       |   103 ||   103
       Rpst.: Long sword |       |       |     7 |    26 |    18 ||    51
